 Dungeon Crawl Stone Soup version 0.25-a0-110-ge29c8f2358 (webtiles) character file.

Game seed: 17663038813967077953, levelgen mode: deterministic

58 RedPan the Chiller (level 3, -2/26 HPs)
             Began as a Draconian Ice Elementalist on Nov 20, 2019.
             Slain by a black bear (3 damage)
             ... on level 2 of the Dungeon.
             The game lasted 00:05:02 (1382 turns).

RedPan the Chiller (Draconian Ice Elementalist)     Turns: 1382, Time: 00:05:03

Health: -2/26      AC:  5    Str: 10    XL:     3   Next: 76%
Magic:  0/7        EV: 12    Int: 16    God:
Gold:   32         SH:  0    Dex: 11    Spells: 7/8 levels left

rFire    . . .     SeeInvis .   d - +0 whip
rCold    . . .     Gourm    .   (no shield)
rNeg     . . .     Faith    .   (armour unavailable)
rPois    .         Spirit   .   (helmet restricted)
rElec    .         Reflect  .   (no cloak)
rCorr    .         Harm     .   (no gloves)
MR       .....                  (no boots)
Stlth    ++........             (no amulet)
HPRegen  0.08/turn              (no ring)
MPRegen  0.10/turn              (no ring)

@: no status effects
A: unfitting armour, cold-blooded, AC +5
a: no special abilities


You were on level 2 of the Dungeon.
You were not hungry.

You visited 1 branch of the dungeon, and saw 2 of its levels.

You collected 32 gold pieces.

Inventory:

Hand Weapons
 d - a +0 whip (weapon)
Scrolls
 c - a scroll of fear
 k - a scroll of enchant weapon {unknown}
 l - a scroll of identify {unknown}
 n - 2 scrolls of remove curse {unknown}
Potions
 a - 3 potions of heal wounds {unknown}
 e - a potion of agility {unknown}
 f - a potion of flight {unknown}
 g - 2 potions of cancellation {unknown}
 h - a potion of might {unknown}
 i - a potion of resistance {unknown}
 j - a potion of degeneration {unknown}
Comestibles
 b - 4 rations
 m - a chunk of flesh


   Skills:
 - Level 1.7 Dodging
 - Level 1.7 Stealth
 + Level 3.0 Spellcasting
   Level 1.0 Conjurations
 + Level 4.0 Ice Magic


You had 7 spell levels left.
You knew the following spells:

 Your Spells              Type           Power        Failure   Level  Hunger
a - Freeze                Ice            ###.         3%          1    #......

Your spell library contained the following spells:

 Spells                   Type           Power        Failure   Level  Hunger
 Throw Frost              Conj/Ice       ##....       10%         2    ##.....
 Ozocubu's Armour         Chrm/Ice       #.......     24%         3    ###....
 Throw Icicle             Conj/Ice       ##......     54%         4    #####..
 Summon Ice Beast         Ice/Summ       #.......     63%         4    #####..


Dungeon Overview and Level Annotations

Branches:
Dungeon (2/15)

Altars:


Innate Abilities, Weirdness & Mutations

Your plain brown scales are hard. (AC +5)
You cannot fit into any form of body armour.
You are cold-blooded and may be slowed by cold attacks.


Message History

The black bear claws you.
Casting: Freeze (safe; 3% risk of failure)
Confirm with . or Enter, or press ? or * to list all spells.
Aiming: Freeze (safe; 3% risk of failure)
Press: ? - help, Shift-Dir - straight line, f/p - black bear
Aim: a black bear (severely wounded)
You freeze the black bear.
The black bear is severely wounded.
The black bear goes berserk!
Casting: Freeze (safe; 3% risk of failure)
Confirm with . or Enter, or press ? or * to list all spells.
Aiming: Freeze (safe; 3% risk of failure)
Press: ? - help, Shift-Dir - straight line, f/p - black bear
Aim: a black bear (severely wounded, berserk, fast, unusually strong)
You freeze the black bear.
The black bear is almost dead.
The black bear bites you!
* * * LOW HITPOINT WARNING * * *
The black bear misses you. The black bear claws you.
You die...

#.....(###
###.##.....###
.##(.....#>..##.##
..÷.(............#
............####.
÷.............#
............#.## ###
..(........>#..###...#
............##..@h#
........................
.........####....#......
.##.....# ####....##.#
## ##### ####... . ####


You could see a black bear (berserk).

Vanquished Creatures
  An adder (D:2)
  A worm (D:2)
  4 dart slugs (D:1)
  A leopard gecko (D:2)
  2 giant cockroaches
  A goblin (D:1)
  5 hobgoblins (D:1)
  8 jackals (D:1)
  3 bats
  A frilled lizard (D:1)
  3 kobolds
  6 rats
36 creatures vanquished.

Notes
Turn   | Place    | Note
-------+----------+-------------------------------------------
     0 | D:1      | RedPan the Draconian Ice Elementalist began the quest for
                  | the Orb.
     0 | D:1      | Reached XP level 1. HP: 14/14 MP: 3/3
   202 | D:1      | Reached XP level 2. HP: 18/20 MP: 0/5
   659 | D:1      | Reached XP level 3. HP: 23/26 MP: 5/7
  1220 | D:2      | Reached skill level 4 in Ice Magic
  1373 | D:2      | Noticed a black bear
  1382 | D:2      | HP: 1/26 [black bear (8)]
  1382 | D:2      | Slain by a black bear

Levels and vault maps discovered:
D:1:      saegor_arrival_simple_b, layout_rooms
D:2:      layout_rooms, hex_intersection

Skill      XL: |  1  2  3 |
---------------+----------+-----
Spellcasting   | 3 |  3.0
Ice Magic      | 4 |  4.0
Dodging        | |  1.7
Stealth        | |  1.7
Conjurations   | |  1.0

Action                   || total
-------------------------++-------
Melee: Unarmed           ||     8
       Tailslap          ||     7
       Whip              ||    46
 Cast: Freeze            ||    51
  Use: Scroll            ||     1
  Eat: Chunk             ||     2
Armor: Skin              ||    35
Dodge: Dodged            ||    67

Table legend:
 A = Non-vault XP
 B = Vault XP
 C = Vault XP percentage of total XP
 D = Non-vault monster count
 E = Vault monster count
 F = Vault count percentage of total count
                 A         B        C        D         E       F
            +---------+---------+-------+---------+---------+-------
      Total |      84 |       0 |   0.0 |      36 |       0 |   0.0
            +---------+---------+-------+---------+---------+-------
        D:1 |      55 |       0 |   0.0 |      28 |       0 |   0.0
        D:2 |      29 |       0 |   0.0 |       8 |       0 |   0.0
            +---------+---------+-------+---------+---------+-------
